 Dungeon Crawl Stone Soup version 0.29-a0-39-g581ba40fa7 (webtiles) character file.

Game seed: 3203492760243569680

7 Essalna the Digger (level 1, 0/13 HPs)
             Began as a Demonspawn Earth Elementalist on Feb 1, 2022.
             Succumbed to a kobold's poison
             ... on level 1 of the Dungeon.
             The game lasted 00:01:08 (292 turns).

Essalna the Digger (Demonspawn Earth Elementalist)   Turns: 292, Time: 00:01:08

Health: 0/13       AC:  2    Str:  8    XL:     1   Next: 83%
Magic:  0/3        EV: 12    Int: 16    God:
Gold:   0          SH:  0    Dex: 13    Spells: 3/4 levels left

rFire   . . .      SeeInvis .   (no weapon)
rCold   . . .      Faith    .   (no shield)
rNeg    . . .      Spirit   .   b - +0 robe
rPois   .          Reflect  .   (no helmet)
rElec   .          Harm     .   (no cloak)
rCorr   .          Rampage  .   (no gloves)
Will    .....                   (no boots)
Stlth   ++........              (no amulet)
HPRegen 0.04/turn               (no ring)
MPRegen 0.08/turn               (no ring)

@: lethally poisoned (0 -> -1)
A: no striking features
a: no special abilities


You were on level 1 of the Dungeon.
You visited 1 branch of the dungeon, and saw 1 of its levels.

Inventory:

Missiles
 c - 41 stones
Armour
 b - a +0 robe (worn)


   Skills:
 - Level 1.7 Dodging
 - Level 1.7 Stealth
 + Level 2.2 Spellcasting
 - Level 0.8 Transmutations
 + Level 2.9 Earth Magic


You had 3 spell levels left.
You knew the following spells:

 Your Spells              Type           Power      Damage    Failure   Level
a - Sandblast             Erth           22%        2d7       6%          1

Your spell library contained the following spells:

 Spells                   Type           Power      Damage    Failure   Level
 Passwall                 Tmut/Erth      5%         N/A       14%         2
 Stone Arrow              Conj/Erth      12%        3d7       32%         3
 Petrify                  Tmut/Erth      7%         N/A       67%         4


Dungeon Overview and Level Annotations

Branches:
Dungeon (1/15)

Altars:


Message History

You kill the endoplasm!
A bat is nearby!
A kobold comes into view. It is wielding a +1 whip of venom.
You see here a jackal corpse.
You barely miss the bat. The bat hits you.
Casting: Sandblast (safe; 6% risk of failure)
Confirm with . or Enter, or press ? or * to list all spells.
Aiming: Sandblast (safe; 6% risk of failure)
Press: ? - help, Shift-Dir - straight line, f - bat
Aim: a bat (69% to hit)
The blast of sand hits the bat.
You kill the bat!
There is an open door here.
There is an open door here.
A kobold is nearby!
You see here a jackal corpse.
The kobold shouts!
The blast of sand hits the kobold but does no damage.
The blast of sand misses the kobold.
The kobold hits you with a +1 whip of venom.
The blast of sand hits the kobold but does no damage.
The kobold hits you with a +1 whip of venom.
You are lethally poisoned!
You are too injured to fight recklessly!
You feel sick.
You feel sick.
You feel sick.
* * * LOW HITPOINT WARNING * * *
You feel sick.
* * * LOW HITPOINT WARNING * * *
You feel sick. The kobold barely misses you.
* * * LOW HITPOINT WARNING * * *
You feel sick.
There is an open door here.
You aren't carrying any potions.
Casting: Sandblast (safe; 6% risk of failure)
Confirm with . or Enter, or press ? or * to list all spells.
You don't have enough magic to cast this spell.
Unknown command.
You die...

#..#......P.# #
#..#...P.P..# .#
#..#8.P.P.P.#..# .
#..#...P....#..#..
#..#..............
#'##..............
##..#######........
#....#..††.........
#....@K.........♣♣♣
##..#######...♣♣♣
#### ♣♣♣♣♣


You could see a kobold.

Vanquished Creatures
  A bat (D:1)
  2 endoplasms (D:1)
  2 jackals (D:1)
5 creatures vanquished.

Notes
Turn   | Place    | Note
-------+----------+-------------------------------------------
     0 | D:1      | Essalna the Demonspawn Earth Elementalist began the quest
                  | for the Orb.
     0 | D:1      | Reached XP level 1. HP: 13/13 MP: 3/3
   292 | D:1      | Succumbed to a kobold's poison

Illustrated notes

Levels and vault maps discovered:
D:1:      sevenhm_arrival_forest_fort_large_4, layout_rooms, serial_shops,
          nicolae_shop_behind_doors, ebering_ecumenical_altar_webs,
          chequers_arboretum

Action                   || total
-------------------------++-------
Melee: Unarmed           ||     1
 Cast: Sandblast         ||    11
Armor: Robe              ||     1
Dodge: Dodged            ||     1

Table legend: (Time is in decaauts)
 A = Elapsed time spent in this place.
 B = Non-inter-level travel time spent in this place.
 C = Inter-level travel time spent in this place.
 D = Time resting spent in this place.
 E = Time spent auto-exploring this place.
 F = Levels seen in this place.
 G = Mean time per level.
                   A        B        C        D        E       F      G
               +--------+--------+--------+--------+--------+-----+--------+
         Total |    292 |    292 |      0 |      0 |    193 |   1 |  292.0 |
       Dungeon |    292 |    292 |      0 |      0 |    193 |   1 |  292.0 |
               +--------+--------+--------+--------+--------+-----+--------+

Top non-repeatable levels by time:
     D:1: 292 daAuts
